 Dungeon Sprint DCSS version 0.30.1-11-g7821555f0a (webtiles) character file.

Game seed: 15171884490384702981

17 Groucho the Digger (level 2, 0/13 HPs)
             Began as a Spriggan Earth Elementalist on Dec 24, 2023.
             Was a Believer of Dithmenos.
             Killed by divine providence
             ... invoked by an orc priest
              (13 damage)
             ... in the Dungeon (Sprint VII: "The Pits").
             The game lasted 00:01:41 (1252 turns).

Groucho the Digger (Spriggan Earth Elementalist)    Turns: 1252, Time: 00:01:42

Health: 0/13       AC:  2    Str:  4    XL:     2   Next: 44%
Magic:  5/6        EV: 17    Int: 16    God:    Dithmenos [**....]
Gold:   0          SH:  0    Dex: 15    Spells: 5/6 levels left

rFire   . . .        h - +1 dagger (elec)
rCold   . . .        (no shield)
rNeg    . . .        a - +0 robe
rPois   .            (helmet restricted)
rElec   .            (no cloak)
rCorr   .            (gloves unavailable)
SInv    +            (boots unavailable)
Will    .....        (no amulet)
Stlth   +++          (no ring)
HPRegen 0.22/turn    (no ring)
MPRegen 0.10/turn

%: no teleportation
@: wreathed by umbra, very quick
A: very small, no large weapons, unfitting armour, see invisible, speed 3
a: Renounce Religion, Shadow Step


You were in the Dungeon.
You worshipped Dithmenos.
Dithmenos was pleased with you.
You visited 1 branch

Inventory:

Hand Weapons
 h - a +1 dagger of electrocution (weapon)
 i - a +2 dagger
 m - a +0 dagger of venom
Armour
 a - a +0 robe (worn)
Scrolls
 g - a scroll of blinking
 k - 5 scrolls of amnesia
 l - a scroll of butterflies
Potions
 b - 5 potions of magic
 c - a potion of curing
 d - a potion of heal wounds
 e - a potion of haste
 f - 3 potions of berserk rage
 j - 2 potions of invisibility


   Skills:
 - Level 2.6 Dodging
 - Level 3.0 Stealth
 - Level 2.6 Spellcasting
 - Level 1.3 Transmutations
 + Level 5.4 Earth Magic


You had 5 spell levels left.
You knew the following spells:

 Your Spells              Type           Power      Damage    Failure   Level
a - Sandblast             Erth           38%        2d10      2%          1

Your spell library contained the following spells:

 Spells                   Type           Power      Damage    Failure   Level
 Passwall                 Tmut/Erth      10%        N/A       8%          2
 Stone Arrow              Conj/Erth      20%        3d8       19%         3
 Petrify                  Tmut/Erth      12%        N/A       43%         4


Dungeon Overview and Level Annotations

Branches:
Dungeon (1/1)

Altars:
Ashenzari
Cheibriados
Dithmenos
Elyvilon
Fedhas
Gozag
Hepliaklqana
Kikubaaqudgha
Makhleb
Nemelex Xobeh
Okawaru
Qazlal
Ru
Sif Muna
Trog
Uskayaw
Vehumet
Wu Jian
Xom
Yredelemnul
Zin
The Shining One
Jiyva
Lugonu


Innate Abilities, Weirdness & Mutations

You are very small and have problems with some larger weapons.
You are too small for most types of armour.
You have supernaturally acute eyesight. (SInv)
You cover ground extremely quickly. (Speed+++)


Message History

There is an open door here.
Casting: Sandblast (safe; 2% risk of failure)
Confirm with . or Enter, or press ? or * to list all spells.
Aiming: Sandblast (safe; 2% risk of failure)
Press: ? - help, Shift-Dir - straight line, f - jackal
Aim: a jackal (77% to hit)
The blast of sand hits the jackal.
You kill the jackal!
Dithmenos accepts your kill.
You can now step into the shadows of nearby creatures.
Unknown command.
Unknown command.
You start resting.
Magic restored.
You start waiting.
Done waiting.
There is an open door here.
A scorpion, an orc, 4 orc priests and 3 jackals come into view.
An orc priest is wielding a +0 flail of holy wrath.
There is an open door here.
You see here a jackal corpse.
There is an open door here.
You start waiting.
Done waiting.
You start waiting.
Done waiting.
You start waiting.
An orc priest is nearby!
Casting: Sandblast (safe; 2% risk of failure)
Confirm with . or Enter, or press ? or * to list all spells.
Aiming: Sandblast (safe; 2% risk of failure)
Press: ? - help, Shift-Dir - straight line, f - orc priest
Aim: an orc priest, wielding a +0 dagger and wearing a +0 ring mail (wandering, hasn't noticed you, umbra, 84% to hit)
The blast of sand hits the orc priest.
The orc priest is moderately wounded.
The orc priest shouts!
The orc priest mumbles some strange prayers to Beogh against you.
Beogh smites you!
Ouch! That really hurt!
You die...

#_________.#
#_________.#
#_______...###########++
##########'##...........
#.?(.')))'.##......#..#.
##########.##...........
#.....[.)...'...........
#+#####'#####......#..#.
#...#@# #...........
#..÷#o# ####'#####++
#...'.# #.......#
##†#### #.......#
#...os# #.......#
#..ho.# #...<...#
#...h.oo #.......#
#....ho..##.......#
###########.......#


You could see an orc priest.

Vanquished Creatures
  A gnoll (D)
  An orc (D)
  2 jackals (D)
  A kobold (D)
  A frilled lizard (D)
  A rat (D)
7 creatures vanquished.

Notes
Turn   | Place    | Note
-------+----------+-------------------------------------------
     0 | D        | Groucho the Spriggan Earth Elementalist began the quest for
                  | the Orb.
     0 | D        | Reached XP level 1. HP: 9/9 MP: 5/5
    59 | D        | Reached skill level 3 in Earth Magic
    92 | D        | Found a glowing golden altar of the Shining One.
    92 | D        | Found a glowing silver altar of Zin.
    92 | D        | Found a basalt altar of Yredelemnul.
    92 | D        | Found a shimmering altar of Xom.
    92 | D        | Found an ornate altar of the Wu Jian Council.
    92 | D        | Found a bloodstained altar of Trog.
    92 | D        | Found a shimmering blue altar of Sif Muna.
    92 | D        | Found a sacrificial altar of Ru.
    92 | D        | Found a stormy altar of Qazlal.
    92 | D        | Found an iron altar of Okawaru.
    92 | D        | Found a sparkling altar of Nemelex Xobeh.
    92 | D        | Found a burning altar of Makhleb.
    92 | D        | Found a viscous altar of Jiyva.
    92 | D        | Found a hazy altar of Hepliaklqana.
    92 | D        | Found an opulent altar of Gozag.
    92 | D        | Found a blossoming altar of Fedhas.
    92 | D        | Found a white marble altar of Elyvilon.
    92 | D        | Found a shadowy altar of Dithmenos.
    92 | D        | Found a snail-covered altar of Cheibriados.
    94 | D        | Found a corrupted altar of Lugonu.
    94 | D        | Found a radiant altar of Vehumet.
    95 | D        | Found an ancient bone altar of Kikubaaqudgha.
    95 | D        | Found a hide-covered altar of Uskayaw.
    95 | D        | Found a broken altar of Ashenzari.
   101 | D        | Became a worshipper of Dithmenos the Shadowed
   117 | D        | Reached skill level 4 in Earth Magic
   611 | D        | Reached * piety under Dithmenos
   622 | D        | Reached skill level 5 in Earth Magic
   622 | D        | Reached XP level 2. HP: 13/13 MP: 3/6
   909 | D        | Reached ** piety under Dithmenos
  1030 | D        | Noticed a scorpion
  1252 | D        | Killed from afar by an orc priest

Illustrated notes

Levels and vault maps discovered:
D:        pitsprint [storerooms_1, entrance_room_1, metal_vault_3, armoury_1,
          mini_pit_1, grid_room_1, main_hall_1, silver_pit, the_coven_3,
          the_vestibule_1, steel_vault_2, golden_pit, hallway_of_sentries,
          crystal_vault_6, iron_vault_2, final_vault]

Skill      XL: |  1 |
---------------+----+-----
Earth Magic    | 5 |  5.4
Dodging        | |  2.6
Stealth        | |  3.0
Spellcasting   | |  2.6
Transmutations | |  1.3

Action                     || total
---------------------------++-------
  Melee: Dagger            ||     1
   Cast: Sandblast         ||    15
   Stab: Sleeping          ||     1
  Dodge: Dodged            ||     1
